 Dungeon Crawl Stone Soup version 0.29.0-4-gdea44cf6ec (webtiles) character file.

Game seed: 11013738477944812866

3089 qw the Grappler (level 9, 0/88 HPs)
             Began as a Troll Cinder Acolyte on Sept 2, 2022.
             Was an Elder of Ignis.
             Slain by a two-headed ogre
             ... wielding a +0 giant club
              (10 damage)
             ... on level 8 of the Dungeon.
             The game lasted 00:03:10 (5428 turns).

qw the Grappler (Troll Cinder Acolyte)              Turns: 5428, Time: 00:03:11

Health: 0/88       AC: 12    Str: 34    XL:     9   Next: 59%
Magic:  9/9        EV:  9    Int: 10    God:    Ignis [****..]
Gold:   636        SH:  0    Dex:  5    Spells: 10/10 levels left

rFire   + + .      SeeInvis .     - Unarmed
rCold   . . .      Faith    .   (no shield)
rNeg    . . .      Spirit   .   a - +0 robe
rPois   .          Reflect  .   (helmet restricted)
rElec   .          Harm     .   o - +0 cloak
rCorr   .          Rampage  .   (gloves unavailable)
Will    .....                   (boots unavailable)
Stlth   +.........              j - amulet of regeneration
HPRegen 1.84/turn               f - ring of protection from fire
MPRegen 0.11/turn               h - +6 ring of strength

@: about to teleport, fiery-armoured
A: large, unfitting armour, claws 3, regeneration 1, shaggy fur 1, tough skin 1
a: Renounce Religion, Fiery Armour, Foxfire Swarm, Rising Flame


You were on level 8 of the Dungeon.
You worshipped Ignis.
Ignis was greatly pleased with you.
You visited 1 branch of the dungeon, and saw 8 of its levels.

You collected 757 gold pieces.
You spent 121 gold pieces at shops.


Innate Abilities, Weirdness & Mutations

You are too large for most types of armour.
You have claws for hands.
Your natural rate of healing is unusually fast.
You are covered in fur. (AC +1)
You have tough skin. (AC +1)


   Skills:
 - Level 5.1 Fighting
 - Level 3.1 Throwing
 - Level 1.1 Dodging
 + Level 12.0 Unarmed Combat
 - Level 1.0 Spellcasting
 - Level 2.1 Fire Magic


You had 10 spell levels left.
You didn't know any spells.
Your spell library contained the following spells:

 Spells                   Type           Power      Damage    Failure   Level
 Scorch                   Fire           8%         2d5       22%         2

Inventory:

Missiles
 q - a boomerang (quivered)
 u - 3 javelins
Armour
 a - a +0 robe (worn)
 o - a +0 cloak (worn)
Jewellery
 f - a ring of protection from fire (left claw)
 h - a +6 ring of strength (right claw)
 j - an amulet of regeneration (around neck)
 p - a ring of protection from fire
Scrolls
 g - a scroll of enchant weapon
 i - a scroll of identify
 m - a scroll of poison {unknown}
 n - a scroll of teleportation
Potions
 b - a potion of cancellation
 c - a potion of haste
 d - 4 potions of curing
 e - a potion of resistance
 k - a potion of brilliance {unknown}
 l - a potion of berserk rage {unknown}
 r - a potion of flight {unknown}
 t - a potion of might {unknown}

Dungeon Overview and Level Annotations

Branches:
Dungeon (8/15)             Temple (0/1) D:5
   Lair: D:8-11

Altars:
Dithmenos
Qazlal
Zin

Shops:
D:4 *


Message History

The centaur is burned by your cloak of flames.
The centaur is lightly wounded.
The centaur barely misses you.
The electric eel shoots out a bolt of lightning at you!
The bolt of electricity hits you. The centaur closely misses you. x2
You scratch the centaur.
The centaur is moderately wounded.
The electric eel shoots out a bolt of lightning at you!
The bolt of electricity hits you!
The centaur hits you but does no damage.
The centaur is burned by your cloak of flames.
The centaur is moderately wounded.
The centaur kicks you but does no damage.
The centaur is burned by your cloak of flames.
The centaur is heavily wounded.
You claw the centaur!
You kill the centaur!
You hear a splash. x2
Your Fighting skill increases to level 5!
You scratch the electric eel.
The electric eel is lightly wounded.
You barely miss the electric eel.
The electric eel is lightly wounded.
The electric eel shoots out a bolt of lightning at you!
The bolt of electricity hits you!
5426 ||| READING 2 scrolls of teleportation.
As you read the scroll of teleportation, it crumbles to dust.
You feel strangely unstable.
The electric eel shoots out a bolt of lightning at you!
The bolt of electricity hits you.
You barely miss the electric eel.
The electric eel is lightly wounded.
You mangle the electric eel!!
You kill the electric eel!
You hear a splash.
The two-headed ogre hits you with a +0 giant club!
The two-headed ogre is burned by your cloak of flames.
The two-headed ogre is lightly wounded.
The two-headed ogre hits you with a +0 giant club!
You die...

#...........# #.........
############ #...#.....
######...###### #....'...#
#.####...# #.###..<##
#.......# #####.#.####
#..@O....... ##7)%S~~~~7..
....~~~~~.~~.. #####
##...P~.~~~~~~.~.
....####.......~.~~~~P~~.#
....+.........P.~~7~~.~~P.
./..#..#.......~~.~~~~~..
....#..#....^#.#P..7..P.
.......#....##


You could see a two-headed ogre and an electric eel.

Vanquished Creatures
  Sigmund (D:6)
  Edmund (D:6)
  3 water moccasins
  An orc warrior (D:7)
  3 ice beasts
  An ogre (D:6)
  A black bear (D:5)
  A centaur (D:8)
  A phantom (D:5)
  A kobold brigand (D:7)
  3 scorpions
  9 killer bees (D:7)
  5 howler monkeys
  An electric eel (D:8)
  2 gnoll boudas
  4 hounds
  A jelly (D:5)
  3 orc priests
  3 iguanas (D:6)
  6 orc wizards
  Robin (D:4)
  11 gnolls
  16 adders
  A shadow imp (D:8)
  A white imp (D:8)
  2 ufetubi
  4 worms
  21 orcs
  8 ball pythons
  9 endoplasms
  5 giant cockroaches
  13 goblins
  7 hobgoblins
  4 jackals (D:4)
  4 quokkas
  2 frilled lizards
  10 kobolds
  7 rats
177 creatures vanquished.

Vanquished Creatures (others)
  4 plants (D:8)
4 creatures vanquished.

Grand Total: 181 creatures vanquished

Notes
Turn   | Place    | Note
-------+----------+-------------------------------------------
     0 | D:1      | qw the Troll Cinder Acolyte began the quest for the Orb.
     0 | D:1      | Reached XP level 1. HP: 22/22 MP: 1/1
     0 | D:1      | 0 ||| qw: Version: 0.1-a-97-g2dd2ca4
     0 | D:1      | 0 ||| qw: Game counter: 5008
     0 | D:1      | 0 ||| qw: Always use a shield: true
     0 | D:1      | 0 ||| qw: God list: Okawaru
     0 | D:1      | 0 ||| qw: Allow faded altars: false
     0 | D:1      | 0 ||| qw: Do Orc after D:15 true
     0 | D:1      | 0 ||| qw: Do second Lair branch before Depths: true
     0 | D:1      | 0 ||| qw: Lair rune preference: random
     0 | D:1      | 0 ||| qw: Plans: Normal
     0 | D:1      | 0 ||| PLANNING D:1-11
   244 | D:1      | Reached XP level 2. HP: 29/29 MP: 2/2
   773 | D:1      | 773 ||| UPGRADING to amulet of regeneration.
   778 | D:1      | 778 ||| UPGRADING to ring of protection from fire.
   779 | D:1      | 779 ||| READING scroll labelled SUGIOK GOSOPI.
   780 | D:1      | 780 ||| READING scroll labelled INWYDA GIAVU.
   788 | D:1      | 788 ||| READING 2 scrolls labelled ECO NAOGRUBOU.
   789 | D:1      | 789 ||| READING scroll labelled XUEGEGR FAIBB.
   790 | D:1      | 790 ||| READING scroll labelled ZANNIF HAFYOWENWA.
   791 | D:1      | 791 ||| READING scroll labelled MUFAIGAGYU.
   854 | D:2      | Reached skill level 4 in Unarmed Combat
   871 | D:2      | Reached XP level 3. HP: 36/36 MP: 3/3
   937 | D:2      | 937 ||| Stepping ~*~*~tactically~*~*~ (stealth).
   938 | D:2      | 938 ||| Stepping ~*~*~tactically~*~*~ (stealth).
  1025 | D:2      | 1025 ||| Stepping ~*~*~tactically~*~*~ (stealth).
  1205 | D:2      | 1205 ||| Stepping ~*~*~tactically~*~*~ (stealth).
  1207 | D:2      | 1207 ||| Stepping ~*~*~tactically~*~*~ (stealth).
  1231 | D:2      | Reached skill level 5 in Unarmed Combat
  1231 | D:2      | Reached XP level 4. HP: 38/44 MP: 4/4
  1231 | D:2      | 1231 ||| FLEEEEING.
  1313 | D:2      | 1313 ||| INVOKING Fiery Armour.
  1314 | D:2      | 1314 ||| Stepping ~*~*~tactically~*~*~ (hiding).
  1441 | D:2      | 1441 ||| DROPPING ring of flight.
  1442 | D:2      | 1442 ||| READING scroll labelled TURGHEMY COTES.
  1443 | D:2      | 1443 ||| READING scroll labelled ZOIRCH OTHOSUO.
  1448 | D:2      | 1448 ||| DRINKING 2 coppery potions.
  1449 | D:2      | 1449 ||| READING 2 scrolls of identify.
  1449 | D:2      | 1449 ||| IDENTIFYING fuming pink potion
  1524 | D:3      | 1524 ||| Stepping ~*~*~tactically~*~*~ (stealth).
  1650 | D:3      | Identified the +8 long sword "Eniketso" {speed, Str+4}
  1674 | D:3      | Found a faded altar of an unknown god.
  1738 | D:3      | Reached XP level 5. HP: 42/50 MP: 5/5
  2098 | D:3      | 2098 ||| READING scroll labelled KIFIUPNOIJO.
  2138 | D:4      | Found a stormy altar of Qazlal.
  2145 | D:4      | Found a glowing silver altar of Zin.
  2191 | D:4      | Found Ziunid's Assorted Antiques.
  2194 | D:4      | 2194 ||| BUYING cloak (121 gold).
  2194 | D:4      | Bought a cloak for 121 gold pieces
  2249 | D:4      | Reached skill level 1 in Throwing
  2250 | D:4      | Reached skill level 6 in Unarmed Combat
  2263 | D:4      | Reached XP level 6. HP: 59/59 MP: 6/6
  2275 | D:4      | 2275 ||| Stepping ~*~*~tactically~*~*~ (stealth).
  2278 | D:4      | 2278 ||| Stepping ~*~*~tactically~*~*~ (stealth).
  2282 | D:4      | 2282 ||| Stepping ~*~*~tactically~*~*~ (stealth).
  2431 | D:4      | Noticed Robin
  2432 | D:4      | 2432 ||| Stepping ~*~*~tactically~*~*~ (hiding).
  2440 | D:4      | 2440 ||| Stepping ~*~*~tactically~*~*~ (stealth).
  2449 | D:4      | Killed Robin
  2576 | D:4      | Reached skill level 7 in Unarmed Combat
  2581 | D:4      | 2581 ||| Stepping ~*~*~tactically~*~*~ (stealth).
  2584 | D:4      | 2584 ||| Stepping ~*~*~tactically~*~*~ (stealth).
  2588 | D:4      | 2588 ||| Stepping ~*~*~tactically~*~*~ (outnumbered).
  2664 | D:4      | 2664 ||| INVOKING Fiery Armour.
  2673 | D:4      | Reached XP level 7. HP: 66/66 MP: 7/7
  2936 | D:4      | Reached skill level 8 in Unarmed Combat
  2992 | D:4      | 2992 ||| UPGRADING to +0 cloak.
  2997 | D:4      | 2997 ||| READING scroll labelled FOZYSO HABOA.
  2998 | D:4      | 2998 ||| DRINKING 2 fizzy ruby potions.
  2999 | D:4      | 2999 ||| DRINKING 2 viscous emerald potions.
  3100 | D:4      | 3100 ||| DROPPING potion of ambrosia.
  3105 | D:5      | Entered Level 5 of the Dungeon
  3113 | D:5      | Reached skill level 3 in Fighting
  3113 | D:5      | 3113 ||| STAIRDANCE
  3121 | D:5      | 3121 ||| Stepping ~*~*~tactically~*~*~ (stealth).
  3122 | D:5      | 3122 ||| Stepping ~*~*~tactically~*~*~ (stealth).
  3173 | D:5      | 3173 ||| Stepping ~*~*~tactically~*~*~ (hiding).
  3248 | D:5      | Found a staircase to the Ecumenical Temple.
  3383 | D:5      | Reached skill level 9 in Unarmed Combat
  3729 | D:5      | 3729 ||| Stepping ~*~*~tactically~*~*~ (stealth).
  3800 | D:5      | 3800 ||| Stepping ~*~*~tactically~*~*~ (hiding).
  3807 | D:5      | Reached XP level 8. HP: 71/75 MP: 8/8
  3809 | D:5      | Reached skill level 1 in Dodging
  4037 | D:5      | 4037 ||| UPGRADING to +6 ring of strength.
  4038 | D:5      | 4038 ||| DRINKING 2 sedimented red potions.
  4039 | D:5      | 4039 ||| DRINKING 3 pink potions.
  4082 | D:5      | 4082 ||| READING 2 scrolls of identify.
  4082 | D:5      | 4082 ||| IDENTIFYING smoky silvery potion
  4083 | D:5      | 4083 ||| DROPPING potion of attraction.
  4084 | D:5      | 4084 ||| DROPPING 2 potions of lignification.
  4116 | D:6      | Found a shadowy altar of Dithmenos.
  4126 | D:6      | 4126 ||| Stepping ~*~*~tactically~*~*~ (stealth).
  4127 | D:6      | 4127 ||| Stepping ~*~*~tactically~*~*~ (stealth).
  4139 | D:6      | 4139 ||| Stepping ~*~*~tactically~*~*~ (stealth).
  4322 | D:6      | Identified the +8 dagger of Entrepreneurial Spirit {vorpal,
                  | rF- rN+++ Int+5 Stlth+}
  4349 | D:6      | Reached skill level 10 in Unarmed Combat
  4515 | D:6      | Noticed Sigmund
  4516 | D:6      | 4516 ||| Stepping ~*~*~tactically~*~*~ (hiding).
  4526 | D:6      | Killed Sigmund
  4562 | D:6      | Noticed Edmund
  4569 | D:6      | Killed Edmund
  4652 | D:6      | 4652 ||| DRINKING 2 orange potions.
  4653 | D:6      | 4653 ||| DRINKING 2 glowing red potions.
  4654 | D:6      | 4654 ||| DROPPING potion of degeneration.
  4662 | D:7      | 4662 ||| INVOKING Fiery Armour.
  4663 | D:7      | 4663 ||| STAIRDANCE
  4675 | D:7      | 4675 ||| STAIRDANCE
  4696 | D:7      | HP: 15/78 [gnoll/+0 halberd[a gnoll bouda] (10)]
  4697 | D:7      | 4697 ||| READING 4 scrolls of teleportation.
  4697 | D:7      | HP: 7/78 [gnoll/+0 flail[a gnoll bouda] (10)]
  4698 | D:7      | 4698 ||| DRINKING potion of heal wounds.
  4700 | D:7      | Reached skill level 11 in Unarmed Combat
  4700 | D:7      | Reached XP level 9. HP: 31/84 MP: 9/9
  4779 | D:7      | 4779 ||| Stepping ~*~*~tactically~*~*~ (stealth).
  4781 | D:7      | 4781 ||| Stepping ~*~*~tactically~*~*~ (stealth).
  4782 | D:7      | 4782 ||| Stepping ~*~*~tactically~*~*~ (stealth).
  4787 | D:7      | 4787 ||| Stepping ~*~*~tactically~*~*~ (stealth).
  4861 | D:7      | 4861 ||| Stepping ~*~*~tactically~*~*~ (stealth).
  5110 | D:7      | 5110 ||| INVOKING Fiery Armour.
  5113 | D:7      | 5113 ||| Stepping ~*~*~tactically~*~*~ (outnumbered).
  5114 | D:7      | 5114 ||| Stepping ~*~*~tactically~*~*~ (outnumbered).
  5115 | D:7      | 5115 ||| Stepping ~*~*~tactically~*~*~ (outnumbered).
  5116 | D:7      | 5116 ||| Stepping ~*~*~tactically~*~*~ (outnumbered).
  5117 | D:7      | 5117 ||| Stepping ~*~*~tactically~*~*~ (outnumbered).
  5118 | D:7      | 5118 ||| Stepping ~*~*~tactically~*~*~ (outnumbered).
  5119 | D:7      | 5119 ||| Stepping ~*~*~tactically~*~*~ (outnumbered).
  5120 | D:7      | 5120 ||| Stepping ~*~*~tactically~*~*~ (outnumbered).
  5123 | D:7      | Reached skill level 12 in Unarmed Combat
  5125 | D:7      | HP: 19/85 [killer bee (7)]
  5126 | D:7      | 5126 ||| READING 3 scrolls of teleportation.
  5130 | D:7      | HP: 16/87 [poisoned by a killer bee]
  5236 | D:7      | 5236 ||| DROPPING amulet of the acrobat.
  5237 | D:7      | 5237 ||| READING scroll labelled DATRUS BE FUNN.
  5238 | D:7      | 5238 ||| READING scroll labelled KELAL JIBRO.
  5289 | D:8      | 5289 ||| FLEEEEING.
  5290 | D:8      | 5290 ||| FLEEEEING.
  5322 | D:8      | 5322 ||| Stepping ~*~*~tactically~*~*~ (hiding).
  5325 | D:8      | 5325 ||| Stepping ~*~*~tactically~*~*~ (outnumbered).
  5330 | D:8      | Reached skill level 3 in Throwing
  5417 | D:8      | 5417 ||| INVOKING Fiery Armour.
  5420 | D:8      | Noticed a two-headed ogre
  5425 | D:8      | HP: 20/88 [electric eel/bolt of electricity (9)]
  5426 | D:8      | 5426 ||| READING 2 scrolls of teleportation.
  5428 | D:8      | Slain by a two-headed ogre

Levels and vault maps discovered:
D:1:      dpeg_arrival_short_road, layout_loops_corners, nrook_mini_backslash,
          item_on_display_a
D:2:      layout_loops_cross
D:3:      layout_loops_cross, ebering_ecumenical_altar_box,
          chequers_serial_rivers_room_b
D:4:      minmay_polygon_palace, layout_basic, overflow_temple_1_default,
          kennysheep_mini_moat, serial_shops, kennysheep_mini,
          small_statue_alley_b, hangedman_decor_diamond_cutter,
          minmay_mini_jars, uniq_robin
D:5:      layout_loops_corners, minmay_temple_entry_fiery
D:6:      layout_basic, grunt_dithmenos_smoke, uniq_sigmund, uniq_edmund
D:7:      layout_rooms
D:8:      layout_basic, nemelex_altar_shiori, serial_bayou_pond_b

Skill      XL: |  1  2  3  4  5  6  7  8  9 |
---------------+----------------------------+-----
Unarmed Combat | 4 5 6 7 9 11 12 | 12.0
Throwing       | 1 2 3 |  3.1
Fighting       | 3 4 5 |  5.1
Dodging        | 1 |  1.1
Spellcasting   | |  1.0
Fire Magic     | |  2.1

Action                   |  1- 3 |  4- 6 |  7- 9 || total
-------------------------+-------+-------+-------++-------
Melee: Unarmed           |    78 |   152 |   177 ||   407
       Punch             |       |     2 |     9 ||    11
Throw: Boomerang         |    21 |    30 |    47 ||    98
       Javelin           |       |    13 |    24 ||    37
Invok: Fiery Armour      |       |     2 |     3 ||     5
  Use: Scroll            |     6 |     4 |     7 ||    17
       Potion            |       |     1 |     7 ||     8
Armor: Robe              |    21 |    54 |    57 ||   132
Dodge: Dodged            |    25 |    71 |    84 ||   180

Table legend:
 A = Non-vault XP
 B = Vault XP
 C = Vault XP percentage of total XP
 D = Non-vault monster count
 E = Vault monster count
 F = Vault count percentage of total count
                 A         B        C        D         E       F
            +---------+---------+-------+---------+---------+-------
      Total |    3529 |     940 |  21.0 |     141 |      36 |  20.3
            +---------+---------+-------+---------+---------+-------
        D:1 |      27 |       0 |   0.0 |      16 |       0 |   0.0
        D:2 |     144 |       0 |   0.0 |      23 |       0 |   0.0
        D:3 |      70 |       0 |   0.0 |      13 |       0 |   0.0
        D:4 |     127 |     418 |  76.7 |      15 |      33 |  68.8
        D:5 |     692 |       0 |   0.0 |      19 |       0 |   0.0
        D:6 |     775 |     410 |  34.6 |      17 |       2 |  10.5
        D:7 |    1564 |       0 |   0.0 |      34 |       0 |   0.0
        D:8 |     130 |     112 |  46.3 |       4 |       1 |  20.0
            +---------+---------+-------+---------+---------+-------
